 Dungeon Crawl Stone Soup version 0.27-a0-1123-g2f9bb313c0 (webtiles) character file.

Game seed: 13427385811386598995

2048 Zeld the Thrower (level 9, -3/87 HPs)
             Began as an Octopode Fighter on May 3, 2021.
             Was a Follower of Okawaru.
             Slain by Joseph
             ... wielding a +1 spectral quarterstaff
              (22 damage)
             ... on level 7 of the Dungeon.
             The game lasted 00:11:38 (9599 turns).

Zeld the Thrower (Octopode Fighter)                 Turns: 9599, Time: 00:11:39

Health: -3/87      AC:  1    Str: 19    XL:     9   Next: 24%
Magic:  9/9        EV: 11    Int: 10    God:    Okawaru [*.....]
Gold:   73         SH:  9    Dex: 11    Spells: 8/8 levels left

rFire    . . .     SeeInvis .   a - +0 war axe
rCold    . . .     Faith    .   b - +0 kite shield
rNeg     . . .     Spirit   .   (helmet restricted)
rPois    .         Reflect  .   (no amulet)
rElec    .         Harm     .   (no ring)
rCorr    .         Rampage  .   (no ring)
Will     .....                  (no ring)
Stlth    ..........             (no ring)
HPRegen  0.24/turn              (no ring)
MPRegen  0.11/turn              (no ring)
                                (no ring)
                                (no ring)

@: berserking, very quick
A: almost no armour, amphibious, 8 rings, camouflage 1, gelatinous body 1,
(nimble swimmer 1), tentacles
a: Renounce Religion, Heroism


You were on level 7 of the Dungeon.
You worshipped Okawaru.
Okawaru was aware of your devotion.
You visited 2 branches of the dungeon, and saw 8 of its levels.

You collected 268 gold pieces.
You spent 195 gold pieces at shops.

Inventory:

Hand Weapons
 a - a +0 war axe (weapon)
Missiles
 r - 41 poisoned darts (quivered)
Armour
 b - a +0 kite shield (worn)
Wands
 s - a wand of iceblast (13)
 w - a wand of polymorph (7)
Scrolls
 c - a scroll of fear
 f - a scroll of enchant armour
 h - 2 scrolls of magic mapping
 i - a scroll of teleportation
 j - a scroll of noise {unknown}
 k - a scroll of acquirement {unknown}
 m - a scroll of fog {unknown}
 p - a scroll of blinking {unknown}
 q - 2 scrolls of amnesia {unknown}
 u - a scroll of enchant weapon {unknown}
 x - a scroll of silence {unknown}
Potions
 d - 2 potions of curing
 l - a potion of berserk rage
 n - a potion of attraction {unknown}
 o - a potion of ambrosia {unknown}
 t - a potion of lignification {unknown}
 v - 2 potions of invisibility {unknown}


   Skills:
 - Level 3.7 Fighting
 - Level 3.6 Axes
 * Level 10.6 Throwing
 - Level 3.0 Dodging
 - Level 4.2 Shields


You had 8 spell levels left.
You didn't know any spells.
Your spell library was empty.

Dungeon Overview and Level Annotations

Branches:
Dungeon (7/15)             Temple (1/1) D:6

Altars:
Ashenzari
Fedhas
Gozag
Hepliaklqana
Kikubaaqudgha
Nemelex Xobeh
Okawaru
Qazlal
Ru
Sif Muna
Trog
Uskayaw
Vehumet
Wu Jian
Xom
Yredelemnul
Zin
The Shining One

Shops:
D:6 !

Annotations:
D:7 Joseph


Innate Abilities, Weirdness & Mutations

You cannot wear most types of armour.
You are amphibious.
You can wear up to eight rings at the same time.
Your skin changes colour to match your surroundings (Stealth+).
Your rubbery body absorbs attacks. (AC +1, EV +1)
((You are camouflaged near water. (Stealth+)))
You have tentacles for arms and can constrict up to eight enemies at once.


Message History

An orc comes into view. It is wielding a +0 club.
You release your grip on Joseph.
You block Joseph's attack.
The orc shouts!
Joseph unwields a +1 spectral quarterstaff.
Joseph wields a +0 hunting sling.
Joseph shoots a sling bullet.
The sling bullet closely misses you.
An orc comes into view. It is wielding a +0 dagger.
Okay, then.
You closely miss the orc. You grab the orc.
The orc is heavily wounded.
You constrict the orc.
You kill the orc!
Okawaru accepts your kill.
Joseph shoots a sling bullet.
You block the sling bullet.
A red film seems to cover your vision as you go berserk!
You feel yourself moving faster!
You feel mighty!
Joseph unwields a +0 hunting sling.
Joseph wields a +1 spectral quarterstaff.
Joseph hits you with a +1 spectral quarterstaff!!
You are too injured to fight recklessly!
You are too injured to fight recklessly!
You completely miss Joseph. You grab Joseph.
Joseph is lightly wounded.
You constrict Joseph. You slash Joseph! You squeeze Joseph!
Joseph is heavily wounded.
You constrict Joseph. Joseph closely misses you.
Joseph hits you with a +1 spectral quarterstaff.
You are too injured to fight recklessly!
You completely miss Joseph.
Joseph is heavily wounded.
You constrict Joseph.
Joseph hits you with a +1 spectral quarterstaff!
* * * LOW HITPOINT WARNING * * *
You are too injured to fight recklessly!
You slash Joseph! You squeeze Joseph!
Joseph is severely wounded.
You constrict Joseph.
Joseph hits you with a +1 spectral quarterstaff!!
You die...

# #. # # #.##
#)#.#..##
..#... .....
#..# #.#
#.o###### #.#
#o.@@...# #.#
#.#####.# ##.##
#. #.#
##...#### ..
#.#####....<#..
###
#..............
#######.....#.#
##...##..
##.###.#
..#####.###.#


You could see Joseph and 2 orcs.

Vanquished Creatures
  Eustachio (D:4)
  A steam dragon (D:6)
  Edmund (D:6)
  A water moccasin (D:7)
  A black bear (D:7)
  A sky beast (D:7)
  An ice beast (D:6)
  2 ogres
  A necrophage (D:5)
  A phantom (D:4)
  Blork the orc (D:4)
  A bullfrog (D:7)
  A scorpion (D:6)
  A wyvern zombie (D:7)
  2 water moccasin skeletons
  A bullfrog zombie (D:6)
  A centaur zombie (D:4)
  A bullfrog skeleton (D:5)
  2 hounds
  A gnoll shaman (D:6)
  2 orc priests (D:7)
  A jelly (D:4)
  2 iguanas (D:5)
  An orc wizard (D:6)
  8 gnolls
  7 adders
  A shadow imp (D:6)
  A white imp (D:7)
  3 worms
  6 orcs
  9 ball pythons
  4 endoplasms
  5 giant cockroaches
  10 hobgoblins
  10 jackals
  2 quokkas
  5 bats
  6 frilled lizards
  9 goblins
  2 kobolds (D:2)
  2 rats (D:3)
119 creatures vanquished.

Notes
Turn   | Place    | Note
-------+----------+-------------------------------------------
     0 | D:1      | Zeld the Octopode Fighter began the quest for the Orb.
     0 | D:1      | Reached XP level 1. HP: 16/16 MP: 1/1
   435 | D:1      | Found a faded altar of an unknown god.
   441 | D:1      | Reached XP level 2. HP: 21/21 MP: 2/2
  1315 | D:2      | Reached XP level 3. HP: 26/26 MP: 3/3
  1653 | D:2      | Reached XP level 4. HP: 27/31 MP: 4/4
  2913 | D:2      | Reached XP level 5. HP: 12/37 MP: 5/5
  3492 | D:3      | Found a hide-covered altar of Uskayaw.
  3768 | D:3      | Found a shimmering blue altar of Sif Muna.
  4059 | D:4      | Reached skill level 1 in Throwing
  4068 | D:4      | Identified the +4 dagger of Zeld's Untimely Demise {vorpal,
                  | +Blink}
  4150 | D:4      | Reached skill level 2 in Throwing
  4201 | D:4      | Noticed a phantom
  4237 | D:4      | Noticed Blork the orc
  4686 | D:4      | Reached skill level 3 in Throwing
  4686 | D:4      | Reached XP level 6. HP: 22/43 MP: 6/6
  4827 | D:4      | Killed Blork the orc
  4828 | D:4      | Reached skill level 4 in Throwing
  5189 | D:4      | Found a glowing golden altar of the Shining One.
  5287 | D:4      | Reached XP level 7. HP: 47/47 MP: 7/7
  5308 | D:4      | Reached skill level 5 in Throwing
  5421 | D:4      | Noticed Eustachio
  5434 | D:4      | Killed Eustachio
  5655 | D:5      | Entered Level 5 of the Dungeon
  5667 | D:5      | Reached skill level 6 in Throwing
  6029 | D:5      | Reached skill level 7 in Throwing
  6126 | D:5      | Reached XP level 8. HP: 53/54 MP: 8/8
  6602 | D:6      | Found Deiwk's Distillery.
  6608 | D:6      | Bought a potion of berserk rage for 75 gold pieces
  6608 | D:6      | Bought a potion of curing for 45 gold pieces
  6608 | D:6      | Bought a potion of berserk rage for 75 gold pieces
  6608 | D:6      | Found a staircase to the Ecumenical Temple.
  6617 | Temple   | Entered the Ecumenical Temple
  6637 | Temple   | Became a worshipper of Warmaster Okawaru
  6716 | D:6      | Noticed Edmund
  6726 | D:6      | Killed Edmund
  6866 | D:6      | Reached skill level 8 in Throwing
  7502 | D:6      | Reached skill level 9 in Throwing
  7513 | D:6      | Reached * piety under Okawaru
  8557 | D:7      | Reached XP level 9. HP: 19/58 MP: 9/9
  8724 | D:7      | Reached skill level 10 in Throwing
  8964 | D:7      | HP: 2/58 [poisoned by a water moccasin]
  9586 | D:7      | Noticed Joseph
  9599 | D:7      | Slain by Joseph

Illustrated notes

Levels and vault maps discovered:
D:1:      dpeg_arrival_signposts, layout_loops_ring,
          chequers_ecumenical_altar_simple
D:2:      minmay_evil_eye, layout_basic, minmay_three_crescents
D:3:      layout_basic, eat_drink_and_be_merry_uskayaw, lemuel_tele_altar,
          kennysheep_generic_room_15
D:4:      layout_cave_pools, kennysheep_mini, kennysheep_generic_room_4,
          uniq_eustachio, uniq_blork_the_orc
D:5:      layout_loops_ring
D:6:      layout_gridville, minmay_temple_entry_wispy, serial_shops,
          nicolae_shop_waterfront, uniq_edmund
D:7:      layout_loops_ring, uniq_joseph
Temple:   minmay_freezing_vapour_temple

Skill      XL: |  1  2  3  4  5  6  7  8  9 |
---------------+----------------------------+-----
Axes           | 3 |  3.6
Shields        | 4 |  4.2
Throwing       | 3 4 7 9 10 | 10.6
Fighting       | |  3.7
Dodging        | |  3.0

Action                   |  1- 3 |  4- 6 |  7- 9 || total
-------------------------+-------+-------+-------++-------
Melee: War axe           |    58 |    98 |   122 ||   278
       Constrict         |    13 |    30 |    28 ||    71
       Tentacles         |     6 |    19 |    31 ||    56
Throw: Boomerang         |       |     4 |     8 ||    12
       Dart              |       |       |    21 ||    21
  Use: Potion            |       |     3 |     5 ||     8
       Scroll            |       |       |     6 ||     6
 Stab: Sleeping          |     4 |     2 |     2 ||     8
Armor: Skin              |     7 |    11 |     3 ||    21
Dodge: Dodged            |    35 |    59 |    56 ||   150
Block: Kite shield       |    33 |    59 |    57 ||   149

Table legend: (Time is in decaauts)
 A = Elapsed time spent in this place.
 B = Non-inter-level travel time spent in this place.
 C = Inter-level travel time spent in this place.
 D = Time resting spent in this place.
 E = Time spent auto-exploring this place.
 F = Levels seen in this place.
 G = Mean time per level.
                   A        B        C        D        E       F      G
               +--------+--------+--------+--------+--------+-----+--------+
         Total |   9787 |   9606 |    181 |   1986 |   6387 |   8 | 1223.4 |
       Dungeon |   9759 |   9578 |    181 |   1986 |   6377 |   7 | 1394.1 |
        Temple |     27 |     27 |      0 |      0 |     10 |   1 |   27.0 |
               +--------+--------+--------+--------+--------+-----+--------+

Top non-repeatable levels by time:
     D:2: 1762 daAuts
     D:1: 1651 daAuts
     D:6: 1519 daAuts
     D:5: 1327 daAuts
     D:4: 1241 daAuts
     D:7: 1158 daAuts
     D:3: 1099 daAuts
  Temple: 27 daAuts
